 Dungeon Crawl Stone Soup version 0.31-a0-210-gccc998df9b (webtiles) character file.

Game seed: 3736454105776619872

235 qw the Shooter (level 6, 0/36 HPs)
             Began as a Gargoyle Hexslinger on June 30, 2023.
             Slain by an ogre
             ... wielding a +0 giant club
              (16 damage)
             ... on level 4 of the Dungeon.
             The game lasted 00:00:53 (2534 turns).

qw the Shooter (Gargoyle Hexslinger)                Turns: 2534, Time: 00:00:53

Health: 0/36       AC: 11    Str: 11    XL:     6   Next: 5%
Magic:  7/7        EV: 10    Int: 14    God:
Gold:   1          SH:  0    Dex: 14    Spells: 6/7 levels left

rFire   . . .        Y - +3 sling
rCold   . . .        (no shield)
rNeg    + + .        f - +0 ring mail
rPois   inf          h - +1 helmet
rElec   +            (no cloak)
rCorr   .            (no gloves)
SInv    .            (no boots)
Will    .....        (no amulet)
Stlth   +            a - ring of positive energy
HPRegen 0.26/turn    (no ring)
MPRegen 0.10/turn

%: no passive effects
@: no status effects
A: sickness immunity, AC +4, negative energy resistance 1, electricity
resistance, torment resistance 1, petrification resistance
a: no special abilities


You were on level 4 of the Dungeon.
You visited 1 branch of the dungeon, and saw 4 of its levels.

You collected 213 gold pieces.
You spent 212 gold pieces at shops.


Innate Abilities, Weirdness & Mutations

You are immune to sickness and miasma.
Your stone body is resilient. (AC +4)
You are immune to poison.
You resist negative energy. (rN+)
You are resistant to electric shocks. (rElec)
You are resistant to unholy torment.
You are immune to petrification.


   Skills:
 + Level 2.6 Fighting
 - Level 5.5 Ranged Weapons
 - Level 1.0 Armour
 - Level 1.5 Dodging
 - Level 1.0 Spellcasting
 - Level 2.6 Hexes


You had 6 spell levels left.
You knew the following spells:

 Your Spells              Type           Power      Damage    Failure   Level
a - Slow                  Hex            32%        N/A       21%         1

Your spell library contained the following spells:

 Spells                   Type           Power      Damage    Failure   Level
 Inner Flame              Hex/Fire       4%         N/A       71%         3
 Portal Projectile        Hex/Tloc       8%         N/A       71%         3
 Cause Fear               Hex            4%         N/A       90%         4

Inventory:

Hand Weapons
 Y - a +3 sling (weapon)
Armour
 f - a +0 ring mail (worn)
 h - a +1 helmet (worn)
Jewellery
 a - a ring of positive energy (left hand)
Wands
 c - a wand of digging (4)
Scrolls
 d - 2 scrolls of identify
 g - 4 scrolls of teleportation
 i - a scroll of brand weapon {unknown}
Potions
 b - 3 potions of curing
 e - 2 potions of cancellation

Dungeon Overview and Level Annotations

Branches:
Dungeon (4/15)
 Temple: D:4-7

Altars:
Elyvilon
Makhleb
Qazlal
Xom

Shops:
D:4 ?:!*


Message History

b - 3 potions of curing (gained 1)
Found an escape hatch in the ceiling.
Enter note:
Enter note:
There is an entrance to Enkusaj's Book Emporium here.
Enter note:
Enter note:
Enter note:
Enter note: You open the door.
There is an open door here.
You open the door.
There is an open door here.
Found a ring mail.
Enter note:
Enter note:
Enter note:
Enter note: An ogre comes into view. It is wielding a +0 giant club.
The ogre shouts!
Enter note:
Enter note:
Enter note:
Enter note: You shoot a sling bullet.
The sling bullet hits the ogre.
The ogre is lightly wounded.
You shoot a sling bullet. The sling bullet hits the ogre!
The ogre is moderately wounded.
You shoot a sling bullet.
The sling bullet completely misses the ogre.
You shoot a sling bullet.
The sling bullet barely misses the ogre.
The ogre hits you with a +0 giant club.
You shoot a sling bullet. The sling bullet hits the ogre!
The ogre is heavily wounded.
The ogre hits you with a +0 giant club!
You shoot a sling bullet. The sling bullet hits the ogre.
The ogre is severely wounded.
The ogre hits you with a +0 giant club!
You die...

#.# #.# #.# #.### # #.
#.#.## ##
##..[##########....####(
......O@..............'.
##...#########.....####.
## #.##.## ## #.#### #
#.# #.# #.# #.# #### #.#
#...


You could see an ogre.

Vanquished Creatures
  An ogre (D:4)
  A howler monkey (D:4)
  An orc priest (D:3)
  An iguana (D:4)
  An adder (D:3)
  3 dart slugs
  4 orcs (D:3)
  3 endoplasms
  A giant cockroach (D:1)
  3 goblins
  A hobgoblin (D:3)
  6 kobolds
  2 quokkas
  7 ball pythons
  5 bats
  2 frilled lizards
  7 rats
49 creatures vanquished.

Notes
Turn   | Place    | Note
-------+----------+-------------------------------------------
     0 | D:1      | qw the Gargoyle Hexslinger began the quest for the Orb.
     0 | D:1      | Reached XP level 1. HP: 12/12 MP: 2/2
     0 | D:1      | 0 ||| qw: Version: 0.3-a-26-gee661ec
     0 | D:1      | 0 ||| qw: Game counter: 7266
     0 | D:1      | 0 ||| qw: Melee chars always use a shield: true
     0 | D:1      | 0 ||| qw: God list: Okawaru
     0 | D:1      | 0 ||| qw: Allow faded altars: false
     0 | D:1      | 0 ||| qw: Do Orc after clearing Dungeon:15 true
     0 | D:1      | 0 ||| qw: Do second Lair branch before Depths: true
     0 | D:1      | 0 ||| qw: Lair rune preference: random
     0 | D:1      | 0 ||| qw: Goals: Normal
     0 | D:1      | 0 ||| PLANNING D:1-11
    72 | D:1      | Reached XP level 2. HP: 16/16 MP: 3/3
   354 | D:1      | Reached skill level 3 in Ranged Weapons
   500 | D:1      | 500 ||| UPGRADING to +0 ring mail.
   510 | D:1      | 510 ||| DROPPING +0 robe.
   511 | D:1      | 511 ||| READING scroll labelled DENYDDAI MEFRI.
   514 | D:1      | 514 ||| READING scroll labelled WUARHI BINOKU.
   528 | D:1      | 528 ||| READING scroll labelled DUSMOH PIALOSU.
   529 | D:1      | 529 ||| READING scroll labelled DAWUVOCLEA PAULL.
   530 | D:1      | 530 ||| READING scroll labelled GAIMU UNLOP.
   531 | D:1      | 531 ||| DROPPING scroll of poison.
  1341 | D:2      | 1341 ||| UPGRADING to +0 helmet.
  1346 | D:2      | 1346 ||| READING scroll labelled ENY WURPHESELL.
  1347 | D:2      | 1347 ||| READING scroll labelled YPRUTHR WAUMP.
  1348 | D:2      | 1348 ||| READING scroll labelled JAS SUTUZAANEN.
  1349 | D:2      | 1349 ||| READING scroll labelled FEKEBB XOHUXEB.
  1397 | D:3      | Found a burning altar of Makhleb.
  1467 | D:3      | Reached XP level 3. HP: 21/21 MP: 4/4
  1516 | D:3      | Found a stormy altar of Qazlal.
  1524 | D:3      | Found a shimmering altar of Xom.
  1538 | D:3      | Found a white marble altar of Elyvilon.
  1611 | D:3      | Reached skill level 1 in Armour
  1618 | D:3      | 1618 ||| READING scroll of enchant armour.
  1618 | D:3      | 1618 ||| ENCHANTING +0 helmet.
  1632 | D:3      | Reached XP level 4. HP: 18/26 MP: 5/5
  1739 | D:3      | Reached skill level 4 in Ranged Weapons
  1878 | D:3      | 1878 ||| READING scroll of enchant weapon.
  1878 | D:3      | 1878 ||| ENCHANTING +2 sling.
  2132 | D:3      | 2132 ||| UPGRADING to ring of positive energy.
  2133 | D:3      | 2133 ||| READING 2 scrolls of identify.
  2133 | D:3      | 2133 ||| IDENTIFYING sapphire potion
  2160 | D:4      | Reached XP level 5. HP: 27/30 MP: 6/6
  2161 | D:4      | Noticed an ogre
  2162 | D:4      | 2162 ||| FLEEEEING.
  2167 | D:4      | Killed an ogre
  2168 | D:4      | Reached skill level 5 in Ranged Weapons
  2170 | D:4      | 2170 ||| STAIRDANCE
  2238 | D:4      | Found Errin's General Store.
  2251 | D:4      | Reached XP level 6. HP: 17/36 MP: 7/7
  2333 | D:4      | 2333 ||| SHOPLISTING +2 leather armour of willpower (228
                  | gold, have 213).
  2380 | D:4      | Found Otzot's Distillery.
  2389 | D:4      | 2389 ||| BUYING potion of cancellation (80 gold).
  2389 | D:4      | Bought a potion of cancellation for 80 gold pieces
  2389 | D:4      | 2389 ||| BUYING potion of cancellation (80 gold).
  2389 | D:4      | Bought a potion of cancellation for 80 gold pieces
  2389 | D:4      | 2389 ||| BUYING potion of curing (30 gold).
  2389 | D:4      | Bought a potion of curing for 30 gold pieces
  2389 | D:4      | 2389 ||| SHOPLISTING potion of enlightenment (50 gold, have
                  | 23).
  2389 | D:4      | 2389 ||| SHOPLISTING potion of heal wounds (50 gold, have
                  | 23).
  2426 | D:4      | Found Buquusun's Magic Scroll Shop.
  2434 | D:4      | 2434 ||| SHOPLISTING scroll of enchant armour (82 gold,
                  | have 23).
  2434 | D:4      | 2434 ||| SHOPLISTING scroll of enchant weapon (82 gold,
                  | have 23).
  2434 | D:4      | 2434 ||| BUYING scroll of identify (22 gold).
  2434 | D:4      | Bought a scroll of identify for 22 gold pieces
  2434 | D:4      | 2434 ||| SHOPLISTING scroll of identify (22 gold, have 1).
  2434 | D:4      | 2434 ||| SHOPLISTING scroll of teleportation (33 gold, have
                  | 1).
  2482 | D:4      | Found Enkusaj's Book Emporium.
  2534 | D:4      | Slain by an ogre

Levels and vault maps discovered:
D:1:      mainiacjoe_arrival_reflecting_pool, layout_rooms,
          hangedman_decor_lopped
D:2:      layout_basic
D:3:      layout_basic, mainiacjoe_overflow_24_doors,
          minmay_overflow_temple_star_quad
D:4:      layout_loops_corners, kennysheep_mini_moat,
          nicolae_uskayaw_dance_hall, serial_shops, shop_statue,
          nicolae_square_shop, nicolae_square_shop,
          nicolae_shop_gibbet_a_chance, shop, kennysheep_generic_room_12,
          uniq_natasha

Skill      XL: |  1  2  3  4  5 |
---------------+----------------+-----
Ranged Weapons | 3 4 5 |  5.5
Fighting       | 2 |  2.6
Armour         | 1 |  1.0
Dodging        | |  1.5
Spellcasting   | |  1.0
Hexes          | |  2.6

Action                     |  1- 3 |  4- 6 || total
---------------------------+-------+-------++-------
   Fire: Sling             |   105 |    66 ||   171
    Use: Scroll            |    10 |     2 ||    12
 Armour: Robe              |     2 |       ||     2
         Ring mail         |    16 |    15 ||    31
  Dodge: Dodged            |    42 |     9 ||    51

Table legend:
 A = Non-vault XP
 B = Vault XP
 C = Vault XP percentage of total XP
 D = Non-vault monster count
 E = Vault monster count
 F = Vault count percentage of total count
                 A         B        C        D         E       F
            +---------+---------+-------+---------+---------+-------
      Total |     336 |       0 |   0.0 |      49 |       0 |   0.0
            +---------+---------+-------+---------+---------+-------
        D:1 |      23 |       0 |   0.0 |      15 |       0 |   0.0
        D:2 |       8 |       0 |   0.0 |       6 |       0 |   0.0
        D:3 |      98 |       0 |   0.0 |      22 |       0 |   0.0
        D:4 |     207 |       0 |   0.0 |       6 |       0 |   0.0
            +---------+---------+-------+---------+---------+-------
